| TOP OF THE 1ST |
|
Columbus Jets batting - Pitching for Toledo Mud Hens : RHP William Bellomo
|
|
Pitching: RHP William Bellomo
|
|
|
Batting: LHB Craig Brooks
|
0-0: Called Strike 0-1: Called Strike 0-2: Strikes out swinging
|
|
Batting: RHB Greg Schultz
|
0-0: Swinging Strike 0-1: Swinging Strike 0-2: Ball 1-2: Foul Ball, location: 2F 1-2: Ball 2-2: Ball 3-2: SOLO HOME RUN (Flyball, 7D, EV 105.6 MPH), Distance : 373 ft
|
|
Batting: RHB Danny Tartabull
|
0-0: Ball 1-0: Foul Ball, location: 2F 1-1: Called Strike 1-2: Ball 2-2: Strikes out swinging
|
|
Batting: LHB Larry Sheets
|
0-0: Ball 1-0: Foul Ball, location: 2F 1-1: Ground out U3 (Groundball, 3, EV 76.9 MPH)
|
| Top of the 1st over - 1 run, 1 hit, 0 errors, 0 left on base; Columbus 1 - Toledo 0 |
| BOTTOM OF THE 1ST |
|
Toledo Mud Hens batting - Pitching for Columbus Jets : RHP Moose Haas
|
|
Pitching: RHP Moose Haas
|
|
|
Batting: RHB Nick Capra
|
0-0: Foul Ball, location: 2F 0-1: Ball 1-1: Ball 2-1: Swinging Strike 2-2: Ball 3-2: Fly out, F9 (Flyball, 89D, EV 103.8 MPH)
|
|
Batting: RHB Don Lyle
|
0-0: Called Strike 0-1: Called Strike 0-2: Strikes out swinging
|
|
Batting: SHB Ken Henderson
|
0-0: Ball 1-0: Ball 2-0: Ground out U3 (Groundball, 34, EV 101.9 MPH)
|
| Bottom of the 1st over - 0 runs, 0 hits, 0 errors, 0 left on base; Columbus 1 - Toledo 0 |
| TOP OF THE 2ND |
|
Columbus Jets batting - Pitching for Toledo Mud Hens : RHP William Bellomo
|
|
Batting: RHB Jim Maler
|
0-0: Called Strike 0-1: Foul Ball, location: 2F 0-2: Ball 1-2: Ball 2-2: Strikes out swinging
|
|
Batting: RHB Glenn Goya
|
0-0: Ball 1-0: Called Strike 1-1: Foul Ball, location: 2F 1-2: Ground out 1-3 (Groundball, 13, EV 70.0 MPH)
|
|
Batting: RHB Jorge Martinez
|
0-0: Foul Ball, location: 2F 0-1: Fly out, F8 (Line Drive, 8LD, EV 105.0 MPH)
|
| Top of the 2nd over - 0 runs, 0 hits, 0 errors, 0 left on base; Columbus 1 - Toledo 0 |
| BOTTOM OF THE 2ND |
|
Toledo Mud Hens batting - Pitching for Columbus Jets : RHP Moose Haas
|
|
Batting: LHB Jerry Tabb
|
0-0: Ball 1-0: Ball 2-0: Fly out, F8 (Flyball, 8RD, EV 105.0 MPH)
|
|
Batting: LHB Randy S Johnson
|
0-0: Ball 1-0: Ball 2-0: Called Strike 2-1: Foul Ball, location: 2F 2-2: Strikes out swinging
|
|
Batting: LHB Ron Diggle
|
0-0: Ball 1-0: Ground out U3 (Groundball, 3L, EV 89.4 MPH)
|
| Bottom of the 2nd over - 0 runs, 0 hits, 0 errors, 0 left on base; Columbus 1 - Toledo 0 |
| TOP OF THE 3RD |
|
Columbus Jets batting - Pitching for Toledo Mud Hens : RHP William Bellomo
|
|
Batting: RHB Ray Smith
|
0-0: Ball 1-0: Called Strike 1-1: Ground out 5-3 (Groundball, 5, EV 81.9 MPH)
|
|
Batting: RHB Jackie Gutierrez
|
0-0: Ball 1-0: Ball 2-0: Called Strike 2-1: Foul Ball, location: 2F 2-2: Foul Ball, location: 2F 2-2: Ball 3-2: Strikes out looking
|
|
Batting: LHB Craig Brooks
|
0-0: Called Strike 0-1: Ball 1-1: Ball 2-1: Ball 3-1: Base on Balls
|
|
Batting: RHB Greg Schultz
|
0-0: Called Strike 0-1: Fly out, F7 (Flyball, 78S, EV 92.5 MPH)
|
| Top of the 3rd over - 0 runs, 0 hits, 0 errors, 1 left on base; Columbus 1 - Toledo 0 |
| BOTTOM OF THE 3RD |
|
Toledo Mud Hens batting - Pitching for Columbus Jets : RHP Moose Haas
|
|
Batting: RHB Gary Allenson
|
0-0: Ground out U3 (Groundball, 3L, EV 95.6 MPH)
|
|
Batting: LHB Rich Coggins
|
0-0: Foul Ball, location: 2F 0-1: Swinging Strike 0-2: Ball 1-2: Ground out U3 (Groundball, 3, EV 103.8 MPH)
|
|
Batting: LHB George LaCoe
|
0-0: Swinging Strike 0-1: Ball 1-1: Foul Ball, location: 2F 1-2: Ball 2-2: Fly out, F7 (Flyball, 78D, EV 80.0 MPH)
|
| Bottom of the 3rd over - 0 runs, 0 hits, 0 errors, 0 left on base; Columbus 1 - Toledo 0 |
| TOP OF THE 4TH |
|
Columbus Jets batting - Pitching for Toledo Mud Hens : RHP William Bellomo
|
|
Batting: RHB Danny Tartabull
|
0-0: Ball 1-0: Called Strike 1-1: Called Strike 1-2: Ball 2-2: Ground out 5-3 (Groundball, 5, EV 108.1 MPH)
|
|
Batting: LHB Larry Sheets
|
0-0: Ball 1-0: Ball 2-0: Ball 3-0: Called Strike 3-1: Called Strike 3-2: SINGLE (Flyball, 9LS, EV 96.9 MPH)
|
|
Batting: RHB Jim Maler
|
0-0: Swinging Strike 0-1: Ball 1-1: Swinging Strike 1-2: Ball 2-2: Foul Ball, location: 2F 2-2: Ball 3-2: Grounds into double play, 6-4-3 (Groundball, 6, EV 80.0 MPH)
|
| Top of the 4th over - 0 runs, 1 hit, 0 errors, 0 left on base; Columbus 1 - Toledo 0 |
| BOTTOM OF THE 4TH |
|
Toledo Mud Hens batting - Pitching for Columbus Jets : RHP Moose Haas
|
|
Batting: RHB Nick Capra
|
0-0: Ball 1-0: Called Strike 1-1: Ball 2-1: Foul Ball, location: 2F 2-2: Fly out, F6 (Line Drive, 6, EV 65.6 MPH)
|
|
Batting: RHB Don Lyle
|
0-0: Called Strike 0-1: Called Strike 0-2: Ball 1-2: Ball 2-2: Ball 3-2: TRIPLE (Flyball, 89XD, EV 102.5 MPH)
|
|
Batting: SHB Ken Henderson
|
0-0: Ball 1-0: Foul Ball, location: 2F 1-1: Fly out, F8 (Flyball, 78XD, EV 86.3 MPH) Runner from 3rd tags up, SCORES, no throw by CF
|
|
Batting: LHB Jerry Tabb
|
0-0: Ball 1-0: SINGLE (Line Drive, 9S, EV 106.9 MPH)
|
|
Batting: LHB Randy S Johnson
|
Pickoff Throw to First - Out! 1-3
|
| Bottom of the 4th over - 1 run, 2 hits, 0 errors, 0 left on base; Columbus 1 - Toledo 1 |
| TOP OF THE 5TH |
|
Columbus Jets batting - Pitching for Toledo Mud Hens : RHP William Bellomo
|
|
Batting: RHB Glenn Goya
|
0-0: Ball 1-0: SINGLE (Groundball, 56D, EV 97.5 MPH)
|
|
Batting: RHB Jorge Martinez
|
0-0: Bunted foul 0-1: Sac Bunt to 15 - play at first, batter OUT! 1-4 Glenn Goya to second
|
|
Batting: RHB Ray Smith
|
0-0: Ball 1-0: Ball 2-0: Called Strike 2-1: Foul Ball, location: 2F 2-2: Foul Ball, location: 2F 2-2: Ground out U3 (Groundball, 3, EV 86.9 MPH) Glenn Goya to third
|
|
Batting: RHB Jackie Gutierrez
|
0-0: Called Strike 0-1: Ball 1-1: Ground out 4-3 (Groundball, 34, EV 106.3 MPH)
|
| Top of the 5th over - 0 runs, 1 hit, 0 errors, 1 left on base; Columbus 1 - Toledo 1 |
| BOTTOM OF THE 5TH |
|
Toledo Mud Hens batting - Pitching for Columbus Jets : RHP Moose Haas
|
|
Batting: LHB Randy S Johnson
|
0-0: Ground out 6-3 (Groundball, 6, EV 83.1 MPH)
|
|
Batting: LHB Ron Diggle
|
0-0: Fly out, F9 (Flyball, 9S, EV 74.4 MPH)
|
|
Batting: RHB Gary Allenson
|
0-0: Ground out 3-1 (Groundball, 34, EV 83.8 MPH)
|
| Bottom of the 5th over - 0 runs, 0 hits, 0 errors, 0 left on base; Columbus 1 - Toledo 1 |
| TOP OF THE 6TH |
|
Columbus Jets batting - Pitching for Toledo Mud Hens : RHP William Bellomo
|
|
Batting: LHB Craig Brooks
|
0-0: Ball 1-0: Ball 2-0: Called Strike 2-1: Ball 3-1: Called Strike 3-2: SOLO HOME RUN (Line Drive, 89XD, EV 101.9 MPH), Distance : 399 ft
|
|
Batting: RHB Greg Schultz
|
0-0: Hit by Pitch
|
|
Batting: RHB Danny Tartabull
|
0-0: Called Strike 0-1: Swinging Strike 0-2: Strikes out looking
|
|
Batting: LHB Larry Sheets
|
0-0: Ball 1-0: Fly out, F8 (Line Drive, 8LM, EV 106.3 MPH)
|
|
Batting: RHB Jim Maler
|
0-0: Called Strike 0-1: Ball 1-1: Ball 2-1: SINGLE (Groundball, 56D, EV 94.4 MPH) Greg Schultz to second
|
|
Batting: RHB Glenn Goya
|
0-0: Ball 1-0: Ground out 3-1 (Groundball, 34S, EV 68.8 MPH)
|
| Top of the 6th over - 1 run, 2 hits, 0 errors, 2 left on base; Columbus 2 - Toledo 1 |
| BOTTOM OF THE 6TH |
|
Toledo Mud Hens batting - Pitching for Columbus Jets : RHP Moose Haas
|
|
Batting: LHB Rich Coggins
|
0-0: Ground out 6-3 (Groundball, 6, EV 78.1 MPH)
|
|
Batting: LHB George LaCoe
|
0-0: Ball 1-0: Foul Ball, location: 2F 1-1: Ball 2-1: Called Strike 2-2: Foul Ball, location: 2F 2-2: Strikes out swinging
|
|
Batting: RHB Nick Capra
|
0-0: Ball 1-0: Fly out, F6 (Flyball, 56D, EV 71.9 MPH)
|
| Bottom of the 6th over - 0 runs, 0 hits, 0 errors, 0 left on base; Columbus 2 - Toledo 1 |
| TOP OF THE 7TH |
|
Columbus Jets batting - Pitching for Toledo Mud Hens : RHP William Bellomo
|
|
Batting: RHB Jorge Martinez
|
0-0: Called Strike 0-1: SINGLE (Line Drive, 4D, EV 100.0 MPH)
|
|
Batting: RHB Ray Smith
|
0-0: Fly out, F8 (Flyball, 89D, EV 98.8 MPH)
|
|
Batting: RHB Jackie Gutierrez
|
0-0: Ball 1-0: Ball 2-0: Ball 3-0: Called Strike 3-1: Base on Balls Jorge Martinez to second
|
|
Batting: LHB Craig Brooks
|
0-0: Ball 1-0: Called Strike 1-1: Fly out, F6 (Popup, 6, EV 73.8 MPH)
|
|
Batting: RHB Greg Schultz
|
0-0: Called Strike 0-1: Ball 1-1: Ball 2-1: Ball 3-1: DOUBLE (Line Drive, 7LD, EV 105.0 MPH) Jorge Martinez scores Jackie Gutierrez to third Runner from 3rd tries for Home, SAFE, no throw by LF
|
|
Batting: RHB Danny Tartabull
|
0-0: Called Strike 0-1: Ball 1-1: Fly out, F7 (Flyball, 78S, EV 91.3 MPH)
|
| Top of the 7th over - 2 runs, 2 hits, 0 errors, 1 left on base; Columbus 4 - Toledo 1 |
| BOTTOM OF THE 7TH |
|
Toledo Mud Hens batting - Pitching for Columbus Jets : RHP Moose Haas
|
|
Batting: RHB Don Lyle
|
0-0: Swinging Strike 0-1: Swinging Strike 0-2: Ball 1-2: Ball 2-2: Foul Ball, location: 2F 2-2: Ball 3-2: Strikes out looking
|
|
Batting: SHB Ken Henderson
|
0-0: Called Strike 0-1: Swinging Strike 0-2: Strikes out swinging
|
|
Batting: LHB Jerry Tabb
|
0-0: Foul Ball, location: 2F 0-1: Called Strike 0-2: Ball 1-2: Ball 2-2: Foul Ball, location: 2F 2-2: SOLO HOME RUN (Flyball, 9D, EV 102.5 MPH), Distance : 401 ft
|
|
Batting: LHB Randy S Johnson
|
0-0: Ball 1-0: Called Strike 1-1: Called Strike 1-2: Ball 2-2: Strikes out looking
|
| Bottom of the 7th over - 1 run, 1 hit, 0 errors, 0 left on base; Columbus 4 - Toledo 2 |
| TOP OF THE 8TH |
|
Columbus Jets batting - Pitching for Toledo Mud Hens : RHP William Bellomo
|
|
Pitching: RHP Preston Hanna
|
|
|
Batting: LHB Larry Sheets
|
0-0: Ground out 5-3 (Groundball, 56, EV 88.8 MPH)
|
|
Batting: RHB Jim Maler
|
0-0: Ball 1-0: Foul Ball, location: 2F 1-1: Foul Ball, location: 2F 1-2: Foul Ball, location: 2F 1-2: Foul Ball, location: 2F 1-2: Strikes out swinging
|
|
Batting: RHB Glenn Goya
|
0-0: Called Strike 0-1: Swinging Strike 0-2: Ball 1-2: Fly out, F4 (Popup, 23, EV 92.5 MPH)
|
| Top of the 8th over - 0 runs, 0 hits, 0 errors, 0 left on base; Columbus 4 - Toledo 2 |
| BOTTOM OF THE 8TH |
|
Toledo Mud Hens batting - Pitching for Columbus Jets : RHP Moose Haas
|
|
Now at 2B: Enrique Collado
|
|
|
Now at 3B: Paul Gbur
|
|
|
Batting: LHB Ron Diggle
|
0-0: Called Strike 0-1: Swinging Strike 0-2: Ball 1-2: Ball 2-2: Ball 3-2: DOUBLE (Line Drive, 9LM, EV 103.8 MPH)
|
|
Batting: RHB Gary Allenson
|
0-0: Ball 1-0: Ball 2-0: Ball 3-0: Base on Balls
|
|
Batting: LHB Rich Coggins
|
0-0: Reached on error, E6 (Groundball, 6, EV 87.5 MPH) Ron Diggle to third Gary Allenson to second
|
|
Batting: LHB George LaCoe
|
0-0: Ball 1-0: Ball 2-0: Foul Ball, location: 2F 2-1: Ball 3-1: Foul Ball, location: 2F 3-2: Foul Ball, location: 2F 3-2: DOUBLE (Groundball, 5L, EV 106.3 MPH) Ron Diggle scores Gary Allenson scores Rich Coggins to third
|
|
Batting: RHB Nick Capra
|
0-0: Intentional Walk
|
|
Batting: RHB Don Lyle
|
0-0: Foul Ball, location: 2F 0-1: Called Strike 0-2: Ball 1-2: Ball 2-2: Ball 3-2: Base on Balls Rich Coggins scores George LaCoe to third Nick Capra to second
|
|
Pitching: RHP Chuck Crim
|
|
|
Batting: SHB Ken Henderson
|
0-0: Called Strike 0-1: Foul Ball, location: 2F 0-2: Foul Ball, location: 2F 0-2: Strikes out looking
|
|
Batting: LHB Jerry Tabb
|
0-0: Foul Ball, location: 2F 0-1: Swinging Strike 0-2: Ball 1-2: GRAND SLAM HOME RUN (Flyball, 9LD, EV 111.9 MPH), Distance : 365 ft
|
|
Batting: LHB Randy S Johnson
|
0-0: Called Strike 0-1: Foul Ball, location: 2F 0-2: DOUBLE (Line Drive, 7LM, EV 109.4 MPH)
|
|
Batting: LHB Ron Diggle
|
0-0: Ball 1-0: Ball 2-0: Swinging Strike 2-1: Foul Ball, location: 2F 2-2: SINGLE (Line Drive, 78M, EV 86.9 MPH) Randy S Johnson to third Runner from 3rd tries for Home, SAFE, throw by LF to home Ron Diggle to second
|
|
Batting: RHB Gary Allenson
|
0-0: Called Strike 0-1: Ball 1-1: Foul Ball, location: 2F 1-2: Foul Ball, location: 2F 1-2: Ball 2-2: Fly out, F7 (Flyball, 7S, EV 89.4 MPH)
|
|
Batting: LHB Rich Coggins
|
0-0: Called Strike 0-1: 2-RUN HOME RUN (Flyball, 9LD, EV 108.8 MPH), Distance : 358 ft
|
|
Pitching: RHP Brian Kingman
|
|
|
Pinch Hitting: RHB Gorman Thomas
|
0-0: Called Strike 0-1: Ball 1-1: Ball 2-1: Fly out, F8 (Flyball, 8RD, EV 98.1 MPH)
|
| Bottom of the 8th over - 10 runs, 6 hits, 1 error, 0 left on base; Columbus 4 - Toledo 12 |
| TOP OF THE 9TH |
|
Columbus Jets batting - Pitching for Toledo Mud Hens : RHP Preston Hanna
|
|
Now at SS: Gorman Thomas
|
|
|
Batting: RHB Jorge Martinez
|
0-0: Swinging Strike 0-1: SOLO HOME RUN (Flyball, 7LD, EV 91.9 MPH), Distance : 356 ft
|
|
Batting: RHB Ray Smith
|
0-0: Ground out U3 (Groundball, 3, EV 94.4 MPH)
|
|
Pinch Hitting: SHB Gary Pellant
|
0-0: Ball 1-0: Swinging Strike 1-1: Swinging Strike 1-2: Strikes out swinging
|
|
Batting: LHB Craig Brooks
|
0-0: Swinging Strike 0-1: Ball 1-1: Swinging Strike 1-2: Fly out, F8 (Flyball, 8LD, EV 100.6 MPH)
|
| Top of the 9th over - 1 run, 1 hit, 0 errors, 0 left on base; Columbus 5 - Toledo 12 |
|